 Dungeon Crawl Stone Soup version 0.31-a0-960-g0fca184906 (webtiles) character file.

Game seed: 3408553781105014742

639 Newt the Skirmisher (level 7, -2/44 HPs)
             Began as a Kobold Hunter on Oct 23, 2023.
             Slain by an ice beast (11 damage)
             ... on level 5 of the Dungeon.
             The game lasted 00:03:19 (4053 turns).

Newt the Skirmisher (Kobold Hunter)                 Turns: 4053, Time: 00:03:19

Health: -2/44      AC:  4    Str:  8    XL:     7   Next: 80%
Magic:  7/7        EV: 15    Int: 10    God:
Gold:   1196       SH:  0    Dex: 21    Spells: 6/6 levels left

rFire   . . .        j - +1 sling (freeze)
rCold   . . .        (no shield)
rNeg    . . .        c - +1 leather armour
rPois   .            (no helmet)
rElec   .            (no cloak)
rCorr   .            (no gloves)
SInv    .            (no boots)
Will    .....        (no amulet)
Stlth   +++          (no ring)
HPRegen 0.27/turn    (no ring)
MPRegen 0.10/turn

%: no passive effects
@: no status effects
A: small, no large weapons, nightstalker 3
a: no special abilities


You were on level 5 of the Dungeon.
You visited 1 branch of the dungeon, and saw 5 of its levels.

You collected 1338 gold pieces.
You spent 142 gold pieces at shops.

Inventory:

Hand Weapons
 a - a +0 shortbow
 j - a +1 sling of freezing (weapon)
Armour
 c - a +1 leather armour (worn)
Jewellery
 n - an amulet of guardian spirit
 p - a +4 ring of protection
Wands
 f - a wand of flame (20)
Scrolls
 b - a scroll of butterflies
 g - a scroll of teleportation
 i - a scroll of brand weapon
 k - a scroll of amnesia
 l - 2 scrolls of enchant armour
 r - a scroll of immolation {unknown}
 s - a scroll of poison {unknown}
 t - a scroll of revelation {unknown}
Potions
 d - a potion of brilliance
 e - 3 potions of might
 h - a potion of curing
 m - a potion of resistance {unknown}
 o - a potion of mutation
 q - 3 potions of degeneration {unknown}


   Skills:
 - Level 5.0 Fighting
 - Level 10.0 Ranged Weapons
 + Level 3.4 Dodging
 - Level 1.3 Stealth


You had 6 spell levels left.
You didn't know any spells.
Your spell library contained the following spells:

 Spells                   Type           Power      Damage    Failure   Level
 Blink                    Tloc           0%         N/A       63%         2
 Lesser Beckoning         Tloc           0%         N/A       63%         2
 Momentum Strike          Conj/Tloc      0%         3d8       63%         2
 Wereblood                Tmut           0%         N/A       63%         2
 Frozen Ramparts          Ice            0%         1d1       86%         3
 Ozocubu's Armour         Ice            0%         N/A       86%         3
 Petrify                  Tmut/Erth      0%         N/A       99%         4
 Irradiate                Conj/Tmut      0%         3d11      100%        5
 Metabolic Englaciation   Hex/Ice        0%         N/A       100%        5
 Ozocubu's Refrigeration  Ice            0%         4d7       100%        7


Dungeon Overview and Level Annotations

Branches:
Dungeon (5/15)
 Temple: D:4-7

Altars:
Nemelex Xobeh
Qazlal

Shops:
D:2 *


Innate Abilities, Weirdness & Mutations

You are small and have problems with some larger weapons.
You are completely attuned to the shadows.


Message History

The sling bullet hits the iguana but does no damage.
The iguana is almost dead.
The iguana closely misses you. The ice beast hits you.
The ice beast freezes you!
You shoot a sling bullet. The sling bullet hits the iguana.
The iguana seems to slow down.
The sling bullet freezes the iguana.
You kill the iguana!
The ice beast hits you but does no damage.
Unknown command.
You shoot a sling bullet.
The sling bullet barely misses the ice beast.
The ice beast hits you but does no damage.
Unknown command.
You shoot a sling bullet.
The sling bullet closely misses the ice beast.
The ice beast hits you but does no damage.
Unknown command.
You shoot a sling bullet. The sling bullet hits the ice beast.
The ice beast is lightly wounded.
The ice beast hits you. The ice beast freezes you!
* * * LOW HITPOINT WARNING * * *
Unknown command.
You feel better.
The ice beast hits you but does no damage.
You shoot a sling bullet.
The sling bullet barely misses the ice beast.
The ice beast barely misses you.
You shoot a sling bullet.
The sling bullet hits the ice beast but does no damage.
The ice beast is lightly wounded.
The ice beast hits you but does no damage.
Aiming: Throw Flame
Press: ? - help, Shift-Dir - straight line, f/p - ice beast
Aim: an ice beast (lightly wounded, 68% to hit)
The puff of flame hits the ice beast!
The ice beast melts!
The ice beast is moderately wounded.
The ice beast hits you.
* * * LOW HITPOINT WARNING * * *
The ice beast freezes you!
You die...

#....###
###.##<.####.##
#8.88#
##...###........
#....## #####..###
#####....
#88...#####.>...##
....
..#.#.......##### ..
.... #......######
... .... #....#.#
###... ...#.#.###
#####!Y..?
.###.....###....@....
.# ##.#........##...
.####.......##### ..
.......#..#### .
..####.......####
.#####....##....#
................#
##.#.>###.#######
......###.###


You could see an ice beast.

Vanquished Creatures
  A water moccasin (D:5)
  An ogre (D:4)
  A wyvern skeleton (D:5)
  4 hounds (D:4)
  A bullfrog zombie (D:5)
  A jelly (D:5)
  An iguana (D:5)
  2 orc wizards
  Terence (D:2)
  2 hound skeletons (D:5)
  3 adders
  A white imp (D:5)
  5 dart slugs
  9 orcs
  4 bats
  3 endoplasms
  4 giant cockroaches (D:4)
  5 goblins
  3 hobgoblins (D:3)
  3 kobolds (D:1)
  3 quokkas
  6 ball pythons
  A frilled lizard (D:3)
  A rat (D:1)
66 creatures vanquished.

Notes
Turn   | Place    | Note
-------+----------+-------------------------------------------
     0 | D:1      | Newt the Kobold Hunter began the quest for the Orb.
     0 | D:1      | Reached XP level 1. HP: 12/12 MP: 1/1
   154 | D:1      | Reached XP level 2. HP: 12/19 MP: 2/2
  1127 | D:2      | Noticed Terence
  1137 | D:2      | Killed Terence
  1138 | D:2      | Reached XP level 3. HP: 22/24 MP: 3/3
  1360 | D:2      | Reached XP level 4. HP: 30/30 MP: 4/4
  1779 | D:2      | Found Vooptuab's Assorted Antiques.
  1784 | D:2      | Bought a scroll labelled MUMYSK SORHI for 18 gold pieces
  1784 | D:2      | Bought a scroll labelled QUFOAL PAULACS for 18 gold pieces
  1784 | D:2      | Bought a scroll labelled CAIPNITZUASK for 18 gold pieces
  2618 | D:3      | Reached skill level 5 in Fighting
  2757 | D:2      | Bought a scroll of identify for 36 gold pieces
  2757 | D:2      | Bought a scroll of identify for 36 gold pieces
  2757 | D:2      | Bought an inky potion for 16 gold pieces
  2762 | D:3      | Acquired 1050 gold pieces
  2827 | D:4      | Reached XP level 5. HP: 26/35 MP: 5/5
  2873 | D:4      | You fall into a shaft and drop 1 floor!
  2873 | D:5      | Entered Level 5 of the Dungeon
  2885 | D:5      | Noticed a water moccasin
  2894 | D:5      | Reached skill level 6 in Ranged Weapons
  2905 | D:5      | Killed a water moccasin
  2906 | D:5      | Reached skill level 7 in Ranged Weapons
  2906 | D:5      | Reached XP level 6. HP: 20/40 MP: 6/6
  3098 | D:5      | Reached skill level 8 in Ranged Weapons
  3236 | D:5      | Found a sparkling altar of Nemelex Xobeh.
  3308 | D:5      | Reached XP level 7. HP: 44/44 MP: 7/7
  3372 | D:4      | Reached skill level 9 in Ranged Weapons
  3870 | D:4      | Reached skill level 10 in Ranged Weapons
  3955 | D:4      | Found a stormy altar of Qazlal.
  4049 | D:5      | HP: 2/44 [ice beast (14)]
  4053 | D:5      | Slain by an ice beast

Illustrated notes

Levels and vault maps discovered:
D:1:      dpeg_arrival_simpleton_a, layout_basic
D:2:      layout_loops_corners, serial_shops, shop,
          minmay_misc_feat_secret_circle, uniq_terence
D:3:      layout_loops_ring, minmay_tree_intersection
D:4:      layout_rooms, mainiacjoe_overflow_surrounded_room,
          chequers_serial_rivers_small_b
D:5:      layout_rooms, overflow_temple_1_default, serial_undead,
          serial_undead_f, serial_undead_c, serial_undead_c, serial_undead_d

Skill      XL: |  1  2  3  4  5  6  7 |
---------------+----------------------+-----
Fighting       | 3 4 5 |  5.0
Ranged Weapons | 7 8 10 | 10.0
Dodging        | 3 |  3.4
Stealth        | |  1.3

Action                     |  1- 3 |  4- 6 |  7- 9 || total
---------------------------+-------+-------+-------++-------
   Fire: Shortbow          |    36 |       |       ||    36
         Sling             |    12 |   108 |    63 ||   183
  Evoke: Wand              |       |       |     1 ||     1
    Use: Scroll            |     5 |     5 |     1 ||    11
         Potion            |       |     1 |     1 ||     2
 Armour: Leather armour    |    11 |    29 |    22 ||    62
  Dodge: Dodged            |    17 |    44 |    20 ||    81

Table legend: (Time is in decaauts)
 A = Elapsed time spent in this place.
 B = Non-inter-level travel time spent in this place.
 C = Inter-level travel time spent in this place.
 D = Time resting spent in this place.
 E = Time spent auto-exploring this place.
 F = Levels seen in this place.
 G = Mean time per level.
                   A        B        C        D        E       F      G
               +--------+--------+--------+--------+--------+-----+--------+
         Total |   4074 |   3677 |    397 |    387 |   2887 |   5 |  814.8 |
       Dungeon |   4074 |   3677 |    397 |    387 |   2887 |   5 |  814.8 |
               +--------+--------+--------+--------+--------+-----+--------+

Top non-repeatable levels by time:
     D:1: 1131 daAuts
     D:2: 931 daAuts
     D:3: 751 daAuts
     D:4: 744 daAuts
     D:5: 517 daAuts
